 Dungeon Crawl Stone Soup version 0.27.0-66-gdc8fb28755 (webtiles) character file.

Game seed: 3044756764047034290

1635 loralnil the Insei (level 8, -4/54 HPs)
             Began as an Octopode Transmuter on Aug 20, 2021.
             Was a Believer of Cheibriados.
             Slain by an ice beast (9 damage)
             ... on level 6 of the Dungeon.
             The game lasted 00:13:51 (5071 turns).

loralnil the Insei (Octopode Transmuter)            Turns: 5071, Time: 00:13:52

Health: -4/54      AC:  2    Str: 14    XL:     8   Next: 98%
Magic:  12/15      EV: 23    Int: 19    God:    Cheibriados [**....]
Gold:   244        SH:  0    Dex: 23    Spells: 9/16 levels left

rFire    . . .     SeeInvis .     - Unarmed
rCold    . . .     Faith    .   (shield currently unavailable)
rNeg     + . .     Spirit   .   (helmet currently unavailable)
rPois    x         Reflect  .   b - amulet of regeneration
rElec    .         Harm     .   i - ring of positive energy
rCorr    .         Rampage  .   (no ring)
Will     .....                  (no ring)
Stlth    ++........             (no ring)
HPRegen  1.18/turn              (no ring)
MPRegen  0.14/turn              (no ring)
                                (no ring)
                                (no ring)

@: spider-form, very slow
A: venomous fangs, almost no armour, (amphibious), 8 rings, tiny, (camouflage
1), (gelatinous body 1), (nimble swimmer 1), (tentacles)
a: End Transformation, Renounce Religion, Bend Time


You were on level 6 of the Dungeon.
You worshipped Cheibriados.
Cheibriados was pleased with you.
You were a venomous arachnid creature.
You visited 2 branches of the dungeon, and saw 7 of its levels.
You also visited: Sewer.

You collected 244 gold pieces.

Inventory:

Magical Staves
 e - a staff of conjuration
 u - a staff of air
Jewellery
 b - an amulet of regeneration (around neck)
 i - a ring of positive energy (left front leg)
Wands
 w - a wand of iceblast (9)
Scrolls
 a - 9 scrolls of teleportation
 c - 4 scrolls of fog {unknown}
 h - a scroll of summoning {unknown}
 k - 3 scrolls of magic mapping {unknown}
 l - a scroll of enchant weapon {unknown}
 m - 2 scrolls of fear
 o - a scroll of brand weapon {unknown}
 s - a scroll of enchant armour {unknown}
 t - a scroll of vulnerability {unknown}
Potions
 d - a potion of lignification {unknown}
 f - 3 potions of cancellation
 g - 2 potions of invisibility
 j - 2 potions of magic {unknown}
 n - 3 potions of haste {unknown}
 p - 2 potions of might {unknown}
 q - 2 potions of attraction {unknown}
 v - a potion of flight {unknown}


   Skills:
 + Level 4.4 Fighting
 + Level 4.8 Dodging
 + Level 5.3 Unarmed Combat
 + Level 4.6 Spellcasting
 + Level 4.9 Transmutations
 + Level 4.7 Poison Magic


You had 9 spell levels left.
You knew the following spells:

 Your Spells              Type           Power      Damage    Failure   Level
a - Beastly Appendage     Tmut           46%        N/A       7%          1
b - Spider Form           Tmut/Pois      11%        N/A       16%         3
c - Mephitic Cloud        Conj/Pois/Air  10%        N/A       41%         3

Your spell library contained the following spells:

 Spells                   Type           Power      Damage    Failure   Level
 Wereblood                Tmut           23%        N/A       10%         2
 Ignite Poison            Fire/Tmut/Pois 16%        N/A       26%         3
 Apportation              Tloc           8%         N/A       30%         1
 Static Discharge         Conj/Air       4%         N/A       38%         2
 Sublimation of Blood     Necr           2%         N/A       38%         2
 Gell's Gravitas          Tloc           2%         N/A       58%         3
 Lesser Beckoning         Tloc           2%         N/A       58%         3
 Teleport Other           Tloc           4%         N/A       58%         3
 Ice Form                 Ice/Tmut       13%        N/A       65%         4
 Alistair's Intoxication  Tmut/Pois      14%        N/A       65%         5
 Blade Hands              Tmut           11%        N/A       65%         5
 Bolt of Magma            Conj/Fire/Erth 2%         4d4       99%         5
 Lightning Bolt           Conj/Air       2%         1d13      99%         5
 Invisibility             Hex            2%         N/A       100%        6
 Iron Shot                Conj/Erth      2%         9d2       100%        6
 Summon Hydra             Summ           2%         N/A       100%        7
 Maxwell's Capacitive Co  Air            2%         ∞         100%        8
 Animate Armour           Summ/Erth      Unusable   N/A       N/A         4

Dungeon Overview and Level Annotations

Branches:
Dungeon (6/15)             Temple (1/1) D:4           Sewer (visited)

Altars:
Cheibriados
Dithmenos
Elyvilon
Fedhas
Gozag
Hepliaklqana
Kikubaaqudgha
Nemelex Xobeh
Okawaru
Ru
Sif Muna
Trog
Uskayaw
Vehumet
Wu Jian
Xom
Yredelemnul
The Shining One

Shops:
D:3 :


Innate Abilities, Weirdness & Mutations

You are a venomous arachnid creature.
You have poisonous fangs.
You are tiny and dextrous.
Your spellcasting is less reliable in this form.
Your armour is entirely melded.
You are incapable of wielding weapons or throwing items.
You cannot wear most types of armour.
((You are amphibious.))
You can wear up to eight rings at the same time.
((Your skin changes colour to match your surroundings (Stealth+).))
((Your rubbery body absorbs attacks. (AC +1, EV +1)))
((You are camouflaged near water. (Stealth+)))
((You have tentacles for arms and can constrict up to eight enemies at once.))


Message History

You extend your transformation's duration.
The ice beast barely misses you.
You tentacle-slap the ice beast but do no damage.
The ice beast hits you. The ice beast freezes you!
You tentacle-slap the ice beast but do no damage.
You pierce the ice beast, but do no damage.
The ice beast completely misses you.
You barely miss the ice beast. The ice beast hits you.
The ice beast freezes you.
Casting: Beastly Appendage (safe; 1% risk of failure)
Confirm with . or Enter, or press ? or * to list all spells.
Your tentacle spike disappears.
You turn into a venomous arachnid creature.
The ice beast hits you. The ice beast freezes you!
You hit the ice beast.
The ice beast is lightly wounded.
The ice beast misses you.
You hit the ice beast but do no damage.
The ice beast is lightly wounded.
The ice beast completely misses you.
You hit the ice beast.
The ice beast is lightly wounded.
The ice beast closely misses you.
You barely miss the ice beast.
The ice beast is lightly wounded.
The ice beast hits you. The ice beast freezes you!
* * * LOW HITPOINT WARNING * * *
You feel better. The ice beast closely misses you.
You hit the ice beast.
The ice beast is poisoned.
The ice beast is lightly wounded.
You completely miss the ice beast.
The ice beast is moderately wounded.
The ice beast hits you. The ice beast freezes you!
* * * LOW HITPOINT WARNING * * *
You hit the ice beast.
The ice beast is moderately wounded.
The ice beast hits you.
* * * LOW HITPOINT WARNING * * *
The ice beast freezes you!
You die...

|... .. .# . ..!##. ..###.. ..
....)....#.... ...
."............
....##..##..........
........#............
.....................
......Ys.............
###......[...........
.....................
..................... # .
..###................ .##.
....# #......##........ ..#.
....#+#..#..###.##.....
.^.#####.......##..###.# ....
...#.##........##..##(.##.....


You could see an ice beast (very poisoned).

Vanquished Creatures
  Grinder (D:3)
  Eustachio (D:6)
  A necrophage (D:6)
  3 ogres
  2 bullfrogs (Sewer)
  A scorpion (D:6)
  3 hounds
  2 orc priests
  2 bullfrog skeletons
  2 centaur skeletons (D:4)
  2 iguanas (D:5)
  15 adders
  11 gnolls
  6 river rats (Sewer)
  A white imp (D:4)
  An ufetubus (D:5)
  2 worms
  3 dart slugs
  9 orcs
  18 ball pythons
  3 bats
  8 endoplasms
  4 giant cockroaches
  10 goblins
  4 hobgoblins
  8 jackals (D:5)
  9 kobolds
  7 quokkas
  7 frilled lizards
  24 rats
170 creatures vanquished.

Vanquished Creatures (others)
  2 plants (D:2)
2 creatures vanquished.

Grand Total: 172 creatures vanquished

Notes
Turn   | Place    | Note
-------+----------+-------------------------------------------
     0 | D:1      | loralnil the Octopode Transmuter began the quest for the
                  | Orb.
     0 | D:1      | Reached XP level 1. HP: 13/13 MP: 3/3
   242 | D:1      | Found a faded altar of an unknown god.
   252 | D:1      | Reached XP level 2. HP: 18/18 MP: 3/5
   660 | D:2      | Reached XP level 3. HP: 8/23 MP: 6/6
  1749 | D:3      | Found Vaicked's Book Shoppe.
  1786 | D:3      | Learned a level 3 spell: Spider Form
  1884 | D:3      | Reached XP level 4. HP: 29/29 MP: 5/7
  2118 | D:3      | Found a glowing drain.
  2142 | Sewer    | Entered a sewer
  2256 | Sewer    | Reached XP level 5. HP: 19/34 MP: 9/9
  2258 | Sewer    | Reached skill level 1 in Poison Magic
  2472 | Sewer    | Reached XP level 6. HP: 11/41 MP: 8/10
  2510 | Sewer    | Reached skill level 4 in Unarmed Combat
  2972 | D:3      | Reached XP level 7. HP: 45/45 MP: 8/12
  3068 | D:3      | Found a basalt altar of Yredelemnul.
  3069 | D:3      | Found a bloodstained altar of Trog.
  3107 | D:3      | Noticed Grinder
  3117 | D:3      | Killed Grinder
  3706 | D:4      | Reached XP level 8. HP: 44/52 MP: 11/13
  3798 | D:4      | Found a staircase to the Ecumenical Temple.
  4014 | Temple   | Entered the Ecumenical Temple
  4055 | Temple   | Became a worshipper of Cheibriados the Contemplative
  4158 | D:5      | Entered Level 5 of the Dungeon
  4386 | D:5      | Found a white marble altar of Elyvilon.
  4626 | D:5      | Reached * piety under Cheibriados
  4640 | D:5      | Found a hide-covered altar of Uskayaw.
  4648 | D:5      | Found a shadowy altar of Dithmenos.
  4719 | D:5      | Reached skill level 5 in Unarmed Combat
  4801 | D:6      | Learned a level 3 spell: Mephitic Cloud
  4997 | D:6      | Noticed Eustachio
  5013 | D:6      | Killed Eustachio
  5038 | D:6      | Reached ** piety under Cheibriados
  5071 | D:6      | Slain by an ice beast

Illustrated notes

Levels and vault maps discovered:
D:1:      dpeg_arrival_long_road, layout_rooms,
          shapermc_ecumenical_altar_starsandcircs, chequers_jeans
D:2:      layout_basic, serial_bayou_pond_b, minmay_splitting_lines,
          minmay_pentomino_r2
D:3:      layout_basic, nicolae_overflow_hidden_temple, portal_sewer_entry_c,
          serial_shops, nicolae_shop_stone, uniq_grinder
D:4:      layout_loops_ring, temple_doors_cd, wad_floor_pattern_untrapped
D:5:      layout_basic, chequers_temple_overflow_statue_of_worship,
          elyvilon_altar_1
D:6:      layout_cave_pools, kennysheep_mini_moat, uniq_eustachio, uniq_maggie,
          uniq_menkaure
Temple:   cyrus_circular_temple

Skill      XL: |  1  2  3  4  5  6  7  8 |
---------------+-------------------------+-----
Fighting       | 2 3 4 |  4.4
Poison Magic   | 2 3 4 |  4.7
Transmutations | 3 4 |  4.9
Spellcasting   | 3 4 |  4.6
Dodging        | 3 4 |  4.8
Unarmed Combat | 4 5 |  5.3

Action                   |  1- 3 |  4- 6 |  7- 9 || total
-------------------------+-------+-------+-------++-------
Melee: Unarmed           |    77 |   151 |   202 ||   430
       Constrict         |    23 |    41 |    25 ||    89
       Tentacles         |    13 |    17 |    21 ||    51
       Kick              |    14 |    46 |    28 ||    88
       Punch             |     1 |     1 |     3 ||     5
 Cast: Beastly Appendage |    28 |    23 |    22 ||    73
       Spider Form       |       |     2 |    11 ||    13
  Use: Scroll            |     3 |     2 |     2 ||     7
       Potion            |       |     2 |     1 ||     3
 Stab: Sleeping          |     5 |     2 |     6 ||    13
Armor: Skin              |     6 |     4 |    12 ||    22
Dodge: Dodged            |    46 |   124 |   163 ||   333
